TOP OF THE 1ST |
State College Spikes batting - Pitching for Mahoning Valley Scrappers : RHP Dave Benson
|
Pitching: RHP Dave Benson
|
|
Batting: RHB Jon Stoner
|
0-0: Ground out 6-3 (Groundball, 6, EV 88.8 MPH)
|
Batting: SHB Matheus Figueiroa
|
0-0: Ball 1-0: Called Strike 1-1: Ground out U3 (Groundball, 3L, EV 93.1 MPH)
|
Batting: RHB Billy Gillis
|
0-0: Ball 1-0: Called Strike 1-1: Foul Ball, location: 2F 1-2: Ground out 5-3 (Groundball, 5, EV 101.9 MPH)
|
Top of the 1st over - 0 runs, 0 hits, 0 errors, 0 left on base; State College 0 - Mahoning Valley 0 |
BOTTOM OF THE 1ST |
Mahoning Valley Scrappers batting - Pitching for State College Spikes : LHP Jon England
|
Pitching: LHP Jon England
|
|
Batting: SHB Keon Holt
|
0-0: Ball 1-0: Ball 2-0: SINGLE (Groundball, 25, EV 66.9 MPH) (infield hit)
|
Batting: LHB Orlando Bojorquez
|
0-0: Ball Keon Holt steals 2nd base 1-0: Called Strike 1-1: Foul Ball, location: 7LDF 1-2: Ground out U3 (Groundball, 3, EV 101.9 MPH) Keon Holt to third
|
Batting: RHB Chris Caldera
|
0-0: Ground out 4-3 (Groundball, 4, EV 99.4 MPH) Keon Holt scores
|
Batting: LHB Erik Clinefelter
|
0-0: Swinging Strike 0-1: Called Strike 0-2: Foul Ball, location: 3DF 0-2: Strikes out swinging
|
Bottom of the 1st over - 1 run, 1 hit, 0 errors, 0 left on base; State College 0 - Mahoning Valley 1 |
TOP OF THE 2ND |
State College Spikes batting - Pitching for Mahoning Valley Scrappers : RHP Dave Benson
|
Batting: RHB Jeremy Weilbacher
|
0-0: DOUBLE (Line Drive, 9LM, EV 95.6 MPH) - OUT at third base trying to stretch hit.
|
Batting: RHB Steve Cleverly
|
0-0: Ball 1-0: Foul Ball, location: 25FF 1-1: Ground out 6-3 (Groundball, 6M, EV 102.5 MPH)
|
Batting: RHB Darren Behan
|
0-0: Ball 1-0: Ball 2-0: Foul Ball, location: 2F 2-1: SOLO HOME RUN (Flyball, 9D, EV 98.8 MPH), Distance : 378 ft
|
Batting: RHB Javy Ruiz
|
0-0: Ball 1-0: Ball 2-0: Foul Ball, location: 7LMF 2-1: Foul Ball, location: 5F 2-2: Ball 3-2: Foul Ball, location: 2F 3-2: Foul Ball, location: 2RF 3-2: Fly out, F7 (Flyball, 7S, EV 87.5 MPH)
|
Top of the 2nd over - 1 run, 2 hits, 0 errors, 0 left on base; State College 1 - Mahoning Valley 1 |
BOTTOM OF THE 2ND |
Mahoning Valley Scrappers batting - Pitching for State College Spikes : LHP Jon England
|
Batting: LHB Chris Trobaugh
|
0-0: Foul Ball, location: 9LMF 0-1: Swinging Strike 0-2: Foul Ball, location: 7LSFF 0-2: Ground out U3 (Groundball, 13, EV 81.9 MPH)
|
Batting: RHB Mike Holtkamp
|
0-0: Ball 1-0: Swinging Strike 1-1: Foul Ball, location: 2F 1-2: Strikes out looking
|
Batting: RHB Jonathan Farinas
|
0-0: Ball 1-0: Called Strike 1-1: Ground out 5-3 (Groundball, 56S, EV 89.4 MPH)
|
Bottom of the 2nd over - 0 runs, 0 hits, 0 errors, 0 left on base; State College 1 - Mahoning Valley 1 |
TOP OF THE 3RD |
State College Spikes batting - Pitching for Mahoning Valley Scrappers : RHP Dave Benson
|
Batting: RHB Junjiro Dodin
|
0-0: Ball 1-0: Swinging Strike 1-1: Ball 2-1: Foul Ball, location: 2F 2-2: Ball 3-2: Base on Balls
|
Batting: RHB Dave Devine
|
0-0: Ball 1-0: Bunted foul 1-1: Sac Bunt to 13 - play at second, runner safe!
|
Batting: RHB Jon Stoner
|
0-0: Ball 1-0: Ball 2-0: SINGLE (Line Drive, 89M, EV 95.6 MPH) Junjiro Dodin to third Dave Devine to second
|
Batting: SHB Matheus Figueiroa
|
0-0: Ball 1-0: Ball 2-0: Called Strike 2-1: Called Strike 2-2: Ball 3-2: Base on Balls Junjiro Dodin scores Dave Devine to third Jon Stoner to second
|
Batting: RHB Billy Gillis
|
0-0: Called Strike 0-1: Ball 1-1: Ball 2-1: Ball 3-1: SINGLE (Flyball, 4MD, EV 93.8 MPH) Dave Devine scores Jon Stoner to third Matheus Figueiroa to second
|
Batting: RHB Jeremy Weilbacher
|
0-0: Ball 1-0: Foul Ball, location: 2F 1-1: Swinging Strike 1-2: Ball 2-2: Strikes out looking
|
Batting: RHB Steve Cleverly
|
0-0: Ball 1-0: Called Strike 1-1: Swinging Strike 1-2: Ball 2-2: Ball 3-2: Grounds into double play, 3-2-3 (Groundball, 3, EV 102.5 MPH)
|
Top of the 3rd over - 2 runs, 2 hits, 0 errors, 2 left on base; State College 3 - Mahoning Valley 1 |
BOTTOM OF THE 3RD |
Mahoning Valley Scrappers batting - Pitching for State College Spikes : LHP Jon England
|
Batting: LHB Eddie Payan
|
0-0: Fly out, F3 (Popup, 3F, EV 61.3 MPH)
|
Batting: RHB Jonathan Espinoza
|
0-0: Called Strike 0-1: Ball 1-1: Foul Ball, location: 2F 1-2: Foul Ball, location: 25FF 1-2: Strikes out swinging
|
Batting: SHB Keon Holt
|
0-0: Called Strike 0-1: Fly out, F9 (Flyball, 9, EV 96.3 MPH)
|
Bottom of the 3rd over - 0 runs, 0 hits, 0 errors, 0 left on base; State College 3 - Mahoning Valley 1 |
TOP OF THE 4TH |
State College Spikes batting - Pitching for Mahoning Valley Scrappers : RHP Dave Benson
|
Batting: RHB Darren Behan
|
0-0: Ball 1-0: Swinging Strike 1-1: Ball 2-1: Ball 3-1: Foul Ball, location: 2F 3-2: Base on Balls
|
Batting: RHB Javy Ruiz
|
0-0: Foul Ball, location: 9LSF 0-1: Ball 1-1: Swinging Strike 1-2: Grounds into double play, 5-4-3 (Groundball, 5, EV 88.8 MPH)
|
Batting: RHB Junjiro Dodin
|
0-0: Ball 1-0: Fly out, F8 (Flyball, 8RD, EV 88.8 MPH)
|
Top of the 4th over - 0 runs, 0 hits, 0 errors, 0 left on base; State College 3 - Mahoning Valley 1 |
BOTTOM OF THE 4TH |
Mahoning Valley Scrappers batting - Pitching for State College Spikes : LHP Jon England
|
Batting: LHB Orlando Bojorquez
|
0-0: Ball 1-0: Ball 2-0: Ball 3-0: Called Strike 3-1: Base on Balls
|
Batting: RHB Chris Caldera
|
0-0: Called Strike 0-1: Foul Ball, location: 2F 0-2: Ball 1-2: DOUBLE (Line Drive, 9LS, EV 103.8 MPH) Orlando Bojorquez to third
|
Batting: LHB Erik Clinefelter
|
0-0: Called Strike 0-1: Ball 1-1: Ball 2-1: Fielders Choice at home, 4-2 (Groundball, 34, EV 100.0 MPH) Chris Caldera to third
|
Batting: LHB Chris Trobaugh
|
0-0: 3-RUN HOME RUN (Flyball, 8LXD, EV 113.1 MPH), Distance : 447 ft
|
Batting: RHB Mike Holtkamp
|
0-0: TRIPLE (Line Drive, 89XD, EV 106.9 MPH)
|
Batting: RHB Jonathan Farinas
|
0-0: Swinging Strike 0-1: Swinging Strike 0-2: Strikes out looking
|
Batting: LHB Eddie Payan
|
0-0: Called Strike 0-1: Called Strike 0-2: Ball 1-2: Fly out, F7 (Flyball, 7S, EV 88.8 MPH)
|
Bottom of the 4th over - 3 runs, 3 hits, 0 errors, 1 left on base; State College 3 - Mahoning Valley 4 |
TOP OF THE 5TH |
State College Spikes batting - Pitching for Mahoning Valley Scrappers : RHP Dave Benson
|
Batting: RHB Dave Devine
|
0-0: Ground out 4-3 (Groundball, 4, EV 95.0 MPH)
|
Batting: RHB Jon Stoner
|
0-0: Ball 1-0: Foul Ball, location: 2F 1-1: Ball 2-1: SINGLE (Line Drive, 78M, EV 105.0 MPH)
|
Batting: SHB Matheus Figueiroa
|
0-0: Called Strike 0-1: Called Strike 0-2: Ball 1-2: Fly out, F7 (Line Drive, 78M, EV 105.0 MPH)
|
Batting: RHB Billy Gillis
|
0-0: Ball 1-0: SINGLE (Groundball, 56D, EV 97.5 MPH) Jon Stoner to second
|
Batting: RHB Jeremy Weilbacher
|
0-0: Ball 1-0: Foul Ball, location: 2F 1-1: Ball 2-1: Ground out 1-3 (Groundball, 15S, EV 71.3 MPH)
|
Top of the 5th over - 0 runs, 2 hits, 0 errors, 2 left on base; State College 3 - Mahoning Valley 4 |
BOTTOM OF THE 5TH |
Mahoning Valley Scrappers batting - Pitching for State College Spikes : LHP Jon England
|
Batting: RHB Jonathan Espinoza
|
0-0: Called Strike 0-1: Ball 1-1: Reached on error, E6 (Groundball, 6, EV 100.0 MPH)
|
Batting: SHB Keon Holt
|
0-0: Bunted foul 0-1: Ball Jonathan Espinoza steals 2nd base 1-1: Ball 2-1: Ball 3-1: Fly out, F7 (Line Drive, 7, EV 86.3 MPH)
|
Batting: LHB Orlando Bojorquez
|
0-0: Called Strike 0-1: Ball 1-1: Foul Ball, location: 2F 1-2: Ball 2-2: Strikes out swinging
|
Batting: RHB Chris Caldera
|
0-0: Ball 1-0: Ball 2-0: Ball 3-0: Base on Balls
|
Batting: LHB Erik Clinefelter
|
0-0: Ball 1-0: Ball 2-0: Called Strike 2-1: Called Strike 2-2: Strikes out swinging
|
Bottom of the 5th over - 0 runs, 0 hits, 1 error, 2 left on base; State College 3 - Mahoning Valley 4 |
TOP OF THE 6TH |
State College Spikes batting - Pitching for Mahoning Valley Scrappers : RHP Dave Benson
|
Batting: RHB Steve Cleverly
|
0-0: Ball 1-0: Ball 2-0: Ground out 6-3 (Groundball, 6, EV 110.0 MPH)
|
Batting: RHB Darren Behan
|
0-0: Called Strike 0-1: Fly out, F9 (Flyball, 89XD, EV 107.5 MPH)
|
Batting: RHB Javy Ruiz
|
0-0: Called Strike 0-1: Ball 1-1: SINGLE (Flyball, 3D, EV 88.1 MPH)
|
Pitching: LHP Tony Blanc
|
|
Batting: RHB Junjiro Dodin
|
0-0: Ball 1-0: Called Strike 1-1: Fly out, F9 (Line Drive, 9S, EV 100.0 MPH)
|
Top of the 6th over - 0 runs, 1 hit, 0 errors, 1 left on base; State College 3 - Mahoning Valley 4 |
BOTTOM OF THE 6TH |
Mahoning Valley Scrappers batting - Pitching for State College Spikes : LHP Jon England
|
Batting: LHB Chris Trobaugh
|
0-0: Foul Ball, location: 5F 0-1: Ball 1-1: Swinging Strike 1-2: Ball 2-2: Ground out U3 (Groundball, 3, EV 86.3 MPH)
|
Batting: RHB Mike Holtkamp
|
0-0: Ball 1-0: DOUBLE (Line Drive, 7LM, EV 106.9 MPH)
|
Batting: RHB Jonathan Farinas
|
0-0: Ball 1-0: Swinging Strike 1-1: Ball 2-1: Fly out, F3 (Popup, 3SF, EV 78.8 MPH)
|
Pitching: LHP Josh Lebowitz
|
|
Batting: LHB Eddie Payan
|
0-0: Ball 1-0: Ball 2-0: Ground out 6-3 (Groundball, 6, EV 90.0 MPH)
|
Bottom of the 6th over - 0 runs, 1 hit, 0 errors, 1 left on base; State College 3 - Mahoning Valley 4 |
TOP OF THE 7TH |
State College Spikes batting - Pitching for Mahoning Valley Scrappers : LHP Tony Blanc
|
Batting: RHB Dave Devine
|
0-0: Ball 1-0: Foul Ball, location: 2F 1-1: Ball 2-1: Called Strike 2-2: Foul Ball, location: 9LDF 2-2: SINGLE (Line Drive, 8LS, EV 93.1 MPH)
|
Batting: RHB Jon Stoner
|
0-0: Ball 1-0: Called Strike 1-1: Bunted foul 1-2: Ball 2-2: Ball 3-2: Base on Balls Dave Devine to second
|
Batting: SHB Matheus Figueiroa
|
0-0: Swinging Strike 0-1: Swinging Strike 0-2: Ball 1-2: Strikes out swinging
|
Batting: RHB Billy Gillis
|
0-0: Fly out, F9 (Flyball, 9, EV 80.6 MPH)
|
Batting: RHB Jeremy Weilbacher
|
0-0: Ball 1-0: Called Strike 1-1: Swinging Strike 1-2: SINGLE (Groundball, 23, EV 66.3 MPH) (infield hit) Dave Devine to third Jon Stoner to second
|
Batting: RHB Steve Cleverly
|
0-0: Called Strike 0-1: Fly out, F9 (Flyball, 9, EV 90.6 MPH)
|
Top of the 7th over - 0 runs, 2 hits, 0 errors, 3 left on base; State College 3 - Mahoning Valley 4 |
BOTTOM OF THE 7TH |
Mahoning Valley Scrappers batting - Pitching for State College Spikes : LHP Josh Lebowitz
|
Batting: RHB Jonathan Espinoza
|
0-0: Fly out, F8 (Line Drive, 8LM, EV 91.3 MPH)
|
Batting: SHB Keon Holt
|
0-0: Called Strike 0-1: Ball 1-1: Ball 2-1: Fly out, F6 (Popup, 6MS, EV 81.9 MPH)
|
Batting: LHB Orlando Bojorquez
|
0-0: Ball 1-0: SINGLE (Groundball, 4D, EV 104.4 MPH)
|
Batting: RHB Chris Caldera
|
0-0: DOUBLE (Flyball, 89XD, EV 109.4 MPH) Orlando Bojorquez to third
|
Batting: LHB Erik Clinefelter
|
0-0: Called Strike 0-1: Ball 1-1: Swinging Strike 1-2: Strikes out looking
|
Bottom of the 7th over - 0 runs, 2 hits, 0 errors, 2 left on base; State College 3 - Mahoning Valley 4 |
TOP OF THE 8TH |
State College Spikes batting - Pitching for Mahoning Valley Scrappers : LHP Tony Blanc
|
Batting: RHB Darren Behan
|
0-0: Ball 1-0: Foul Ball, location: 5FF 1-1: Reached on error, E3 (Groundball, 3D, EV 100.6 MPH)
|
Pitching: RHP Dave Van der Linden
|
|
Batting: LHB Charlie Case
|
0-0: Grounds into double play, 4-6-3 (Groundball, 34, EV 92.5 MPH)
|
Batting: RHB Junjiro Dodin
|
0-0: Called Strike 0-1: Foul Ball, location: 3SF 0-2: Ball 1-2: Strikes out swinging
|
Top of the 8th over - 0 runs, 0 hits, 1 error, 0 left on base; State College 3 - Mahoning Valley 4 |
BOTTOM OF THE 8TH |
Mahoning Valley Scrappers batting - Pitching for State College Spikes : LHP Josh Lebowitz
|
Batting: LHB Chris Trobaugh
|
0-0: Ball 1-0: Ground out 4-3 (Groundball, 4M, EV 85.6 MPH)
|
Batting: RHB Mike Holtkamp
|
0-0: Fly out, F8 (Flyball, 8LXD, EV 109.4 MPH)
|
Batting: RHB Jonathan Farinas
|
0-0: Called Strike 0-1: Foul Ball, location: 9LSF 0-2: Ball 1-2: Ball 2-2: SINGLE (Flyball, 34D, EV 89.4 MPH)
|
Batting: LHB Eddie Payan
|
0-0: Fly out, F3 (Line Drive, 3L, EV 69.4 MPH)
|
Bottom of the 8th over - 0 runs, 1 hit, 0 errors, 1 left on base; State College 3 - Mahoning Valley 4 |
TOP OF THE 9TH |
State College Spikes batting - Pitching for Mahoning Valley Scrappers : RHP Dave Van der Linden
|
Pitching: LHP Luis Medina
|
|
Batting: RHB Dave Devine
|
0-0: Ball 1-0: Ground out 6-3 (Groundball, 6, EV 88.1 MPH)
|
Batting: RHB Jon Stoner
|
0-0: Called Strike 0-1: Called Strike 0-2: Ball 1-2: Ball 2-2: Fly out, F9 (Line Drive, 9, EV 90.0 MPH)
|
Batting: SHB Matheus Figueiroa
|
0-0: Fly out, F7 (Flyball, 78M, EV 93.1 MPH)
|
Top of the 9th over - 0 runs, 0 hits, 0 errors, 0 left on base; State College 3 - Mahoning Valley 4 |
|